 Dungeon Crawl Stone Soup version 0.31.0 (webtiles) character file.

Game seed: 15647781130929746432

160 trontxu the Poker (level 5, -2/45 HPs)
             Began as a Minotaur Gladiator on Jan 19, 2024.
             Was an Initiate of Zin.
             Succumbed to Edmund's poison
             ... on level 3 of the Dungeon.
             The game lasted 00:19:24 (2420 turns).

trontxu the Poker (Minotaur Gladiator)              Turns: 2420, Time: 00:19:24

Health: -2/45      AC:  4    Str: 20    XL:     5   Next: 17%
Magic:  13/13      EV: 13    Int:  5    God:    Zin [......]
Gold:   102        SH:  0    Dex: 12    Spells: 1/4 levels left

rFire   x . .        a - +0 trident
rCold   + . .        m - orb {mayhem}
rNeg    . . .        b - +1 leather armour
rPois   .            c - +0 hat
rElec   .            (no cloak)
rCorr   .            (no gloves)
SInv    .            (no boots)
Will    .....        (no amulet)
Stlth   +            f - ring of magical power
HPRegen 0.27/turn    e - ring of ice
MPRegen 0.13/turn

%: mayhem
@: lethally poisoned (-2 -> -16), about to teleport
A: horns 2, retaliatory headbutt
a: Renounce Religion, Donate Gold


You were on level 3 of the Dungeon.
You worshipped Zin.
Zin was noncommittal.
You visited 1 branch of the dungeon, and saw 4 of its levels.

You collected 113 gold pieces.
You donated 11 gold pieces to Zin.

Inventory:

Hand Weapons
 a - a +0 trident (weapon)
Missiles
 d - 2 throwing nets
 h - 5 poisoned darts
 l - 2 boomerangs (quivered)
 n - 4 javelins
Armour
 b - a +1 leather armour (worn)
 c - a +0 hat (worn)
 m - an orb of mayhem (worn)
Jewellery
 e - a ring of ice (right hand)
 f - a ring of magical power (left hand)
Potions
 j - a potion of curing


   Skills:
 + Level 3.0 Fighting
 + Level 5.3 Polearms
 + Level 2.4 Throwing
 + Level 2.1 Armour
 + Level 4.2 Dodging
 + Level 0.3 Stealth


You had one spell level left.
You knew the following spells:

 Your Spells              Type           Power      Damage    Failure   Level
a - Sting                 Conj/Alch      0%         1d3       52%         1
b - Blink                 Tloc           0%         N/A       67%         2

Your spell library contained the following spells:

 Spells                   Type           Power      Damage    Failure   Level
 Kiss of Death            Conj/Necr      0%         2d5       52%         1
 Lesser Beckoning         Tloc           0%         N/A       67%         2
 Mercury Vapours          Alch/Air       0%         N/A       67%         2
 Momentum Strike          Conj/Tloc      0%         3d8       67%         2
 Confusing Touch          Hex            0%         N/A       88%         3
 Dispel Undead            Necr           0%         3d6       99%         4
 Olgreb's Toxic Radiance  Alch           0%         N/A       99%         4
 Iskenderun's Battlesphe  Conj           0%         2d6       100%        5
 Bombard                  Conj/Erth      0%         9d1       100%        6
 Spellforged Servitor     Conj/Summ      0%         N/A       100%        7


Dungeon Overview and Level Annotations

Branches:
Dungeon (4/15)
 Temple: D:4-7

Altars:
Hepliaklqana
Zin

Annotations:
D:3 Edmund, Pikel
D:4 Sigmund


Innate Abilities, Weirdness & Mutations

You have a pair of horns on your head.
You reflexively headbutt those who attack you in melee.


Message History

There is a stone staircase leading down here.
You climb downwards.
Level annotation: Edmund, Sigmund Edmund shouts!
The hobgoblin shouts!
You hear an angry hiss.
There is a stone staircase leading up here.
You barely miss the hobgoblin. Your headbutt misses the hobgoblin.
The hobgoblin completely misses you. You furiously retaliate!
You headbutt the hobgoblin.
You kill the hobgoblin!
The ball python flies into a frenzy!
You closely miss Edmund.
The ball python hisses angrily.
Edmund hits you with a +1 flail of venom.
You are poisoned.
The ball python hisses angrily.
You hit Edmund.
Edmund is lightly wounded.
You feel very sick.
Edmund hits you with a +1 flail of venom!
You are more poisoned.
The ball python bites Edmund but does no damage.
The ball python grabs Edmund.
The ball python constricts Edmund.
You feel very sick.
The ball python bites Edmund.
The ball python constricts Edmund.
Edmund barely misses you.
You climb upwards.
Level annotation: Pikel You feel very sick.
There is a stone staircase leading down here.
You are too injured to fight recklessly!
As you read the scroll of teleportation, it crumbles to dust.
You feel strangely unstable.
You feel very sick.
Edmund hits you with a +1 flail of venom!
* * * LOW HITPOINT WARNING * * *
You are more poisoned.
* * * LOW HITPOINT WARNING * * *
You feel very sick. Edmund attacks as he pursues you! Edmund barely misses you.
You die...

..).†..................#
######################.# #######
#.# #...... #.# ##...... ########
#.# #...#### .......# #.#
#.#.##.. .......# ###.###.#)#...
......^# #######........)#...
.......# #..@.##.#.####......
.......#######....##.#.#..#..#...
.............'..@.##.#.#..#..#...
.......#######....##.#.#..#..##..
#######....# #....##.#.#..#..####
#######....# #....##.#.#..##....(
...........# #.......#.#..######.
...........#####'#####.#..# #.
...........#........##.#..# #.


You could see Edmund.

Vanquished Creatures
  A bombardier beetle (D:3)
  7 adders
  3 ribbon worms
  2 dart slugs
  6 ball pythons
  5 bats
  3 endoplasms
  A giant cockroach (D:3)
  3 goblins
  2 hobgoblins
  4 jackals (D:2)
  4 quokkas
  2 frilled lizards (D:1)
  7 kobolds
  3 rats
53 creatures vanquished.

Vanquished Creatures (collateral kills)
  A kobold (D:2)
  A bat (D:2)
2 creatures vanquished.

Grand Total: 55 creatures vanquished

Notes
Turn   | Place    | Note
-------+----------+-------------------------------------------
     0 | D:1      | trontxu the Minotaur Gladiator began the quest for the Orb.
     0 | D:1      | Reached XP level 1. HP: 18/18 MP: 0/0
   221 | D:1      | Reached skill level 4 in Polearms
   232 | D:1      | Reached XP level 2. HP: 25/25 MP: 1/1
   339 | D:1      | Learned a level 1 spell: Sting
   674 | D:2      | Reached XP level 3. HP: 13/30 MP: 2/2
   878 | D:2      | Reached skill level 1 in Armour
   899 | D:2      | Reached XP level 4. HP: 37/37 MP: 3/3
  1228 | D:3      | Learned a level 2 spell: Blink
  1249 | D:3      | Found a glowing silver altar of Zin.
  1258 | D:3      | Reached skill level 5 in Polearms
  1622 | D:3      | Reached XP level 5. HP: 44/45 MP: 4/4
  1797 | D:3      | Found a hazy altar of Hepliaklqana.
  1883 | D:3      | Became a worshipper of Zin the Law-Giver
  1883 | D:3      | Reached * piety under Zin
  1921 | D:4      | Noticed Edmund
  2040 | D:4      | Noticed Sigmund
  2040 | D:4      | Noticed a lemure
  2041 | D:4      | Noticed Pikel
  2172 | D:4      | Noticed a lemure
  2419 | D:3      | HP: 1/45 [poisoned by Edmund]
  2420 | D:3      | Succumbed to Edmund's poison

Illustrated notes

Levels and vault maps discovered:
D:1:      dpeg_arrival_erosion, layout_basic
D:2:      layout_rooms, minmay_surrounded
D:3:      layout_basic, old_standard_altar, nicolae_hepliaklqana_hippocampus
D:4:      layout_rooms, uniq_sigmund, uniq_pikel, uniq_edmund

Skill      XL: |  1  2  3  4 |
---------------+-------------+-----
Polearms       | 4 5 |  5.3
Dodging        | 4 |  4.2
Armour         | 1 2 |  2.1
Fighting       | 3 |  3.0
Throwing       | |  2.4
Stealth        | |  0.3

Action                     |  1- 3 |  4- 6 || total
---------------------------+-------+-------++-------
  Melee: Trident           |    66 |    64 ||   130
         Headbutt          |    10 |    11 ||    21
  Throw: Javelin           |     5 |       ||     5
         Throwing net      |     2 |       ||     2
         Boomerang         |       |     2 ||     2
    Use: Scroll            |     5 |     3 ||     8
         Potion            |       |     2 ||     2
   Stab: Sleeping          |     1 |       ||     1
 Armour: Leather armour    |    30 |    31 ||    61
  Dodge: Dodged            |    30 |    34 ||    64
